 Dungeon Crawl Stone Soup version 0.31-a0-963-ga325b2283a (webtiles) character file.

Game seed: 9047018180579692870

459 SacredBeard the Chopper (level 7, 0/63 HPs)
             Began as a Hill Orc Fighter on Oct 25, 2023.
             Was a Follower of Beogh.
             Splashed by a jelly's acid (5 damage)
             ... on level 4 of the Dungeon.
             The game lasted 00:07:40 (3643 turns).

SacredBeard the Chopper (Hill Orc Fighter)          Turns: 3643, Time: 00:07:41

Health: 0/63       AC:  1    Str: 21    XL:     7   Next: 6%
Magic:  8/8        EV:  9    Int:  8    God:    Beogh [*.....]
Gold:   301        SH:  4    Dex: 10    Spells: 6/6 levels left

rFire   + + .        n - +0 hand axe
rCold   x . .        c - +0 buckler
rNeg    . . .        h - +0 fire dragon scales
rPois   .            (no helmet)
rElec   .            (no cloak)
rCorr   .            (no gloves)
SInv    .            (no boots)
Will    .....        (no amulet) Stlth
                     (no ring)
HPRegen 0.30/turn    (no ring)
MPRegen 0.11/turn

%: no passive effects
@: corroded
A: no striking features
a: Renounce Religion


You were on level 4 of the Dungeon.
You worshipped Beogh.
Beogh was aware of your devotion.
You visited 1 branch of the dungeon, and saw 4 of its levels.

You collected 301 gold pieces.

Inventory:

Hand Weapons
 n - a +0 hand axe (weapon)
Armour
 c - a +0 buckler (worn)
 h - +0 fire dragon scales (worn)
Jewellery
 j - a ring of fire
 q - a ring of magical power
 s - a ring of magical power
Scrolls
 b - a scroll of amnesia {unknown}
 e - 3 scrolls of vulnerability {unknown}
 f - 4 scrolls of identify {unknown}
 g - a scroll of poison {unknown}
 l - a scroll of brand weapon {unknown}
 m - a scroll of immolation {unknown}
 o - a scroll of torment {unknown}
 t - a scroll of revelation {unknown}
Potions
 a - 2 potions of attraction {unknown}
 d - 2 potions of might
 i - 2 potions of curing {unknown}
 k - a potion of ambrosia {unknown}
 p - a potion of heal wounds {unknown}
 r - a potion of brilliance {unknown}


   Skills:
 - Level 6.0 Fighting
 * Level 6.8 Axes
 - Level 4.0 Armour
 - Level 4.0 Shields
 + Level 2.1 Invocations


You had 6 spell levels left.
You didn't know any spells.
Your spell library contained the following spells:

 Spells                   Type           Power      Damage    Failure   Level
 Kiss of Death            Conj/Necr      0%         2d5       86%         1
 Sublimation of Blood     Necr           0%         N/A       95%         2
 Olgreb's Toxic Radiance  Pois           0%         N/A       100%        4
 Borgnjor's Revivificati  Necr           0%         N/A       100%        8


Dungeon Overview and Level Annotations

Branches:
Dungeon (4/15)
 Temple: D:4-7

Altars:
Ashenzari
Xom


Message History

You closely miss the hobgoblin. The hobgoblin barely misses you.
You hit the hobgoblin but do no damage.
The hobgoblin is moderately wounded.
You hit the jelly but do no damage.
Your hands burn!
The hobgoblin closely misses you. The jelly barely misses you.
You hit the hobgoblin.
The hobgoblin is heavily wounded.
You hit the jelly.
Your hands burn!
The jelly hits you but does no damage. The hobgoblin hits you.
You hit the hobgoblin but do no damage.
The hobgoblin is heavily wounded.
You hit the jelly. The acid corrodes you!
Your hands burn!
The jelly hits you.
You are splashed with acid!
The hobgoblin completely misses you.
You hit the hobgoblin but do no damage.
The hobgoblin is heavily wounded.
You barely miss the jelly. You block the hobgoblin's attack.
The jelly barely misses you.
You hit the hobgoblin.
The hobgoblin is severely wounded.
You hit the jelly.
Your hands burn!
The jelly hits you. The acid corrodes you!
You are splashed with acid!
The hobgoblin closely misses you.
You are too injured to fight recklessly!
You are too injured to fight recklessly!
You are too injured to fight recklessly!
You are too injured to fight recklessly!
You hit the jelly but do no damage.
Your hands burn!
The jelly is heavily wounded.
You hit the hobgoblin but do no damage. The jelly hits you.
* * * LOW HITPOINT WARNING * * *
You are splashed with acid!
* * * LOW HITPOINT WARNING * * *
The hobgoblin closely misses you.
You hit the jelly.
Your hands burn!
* * * LOW HITPOINT WARNING * * *
The jelly is heavily wounded.
You hit the hobgoblin but do no damage. The jelly barely misses you.
The hobgoblin hits you.
* * * LOW HITPOINT WARNING * * *
You hit the jelly.
Your hands burn!
You die...

#...#.....#
########...
#...#.....# #.##
#...####### #.#
##### ## ## #.# ##.
..# #.# ##.. #$.#
###.## #..$ #...#
#.....
######.J#g#$.#
#.#.## ###
##....##†@$...#
#.#.#. #..
##......##...###
#.#.#.
#.####..#..#..#'###
#.#.##
#.##.'.†.##...#.#
#.#.##
#....'.†.##...#.#
#.#...
##..###)†#..#..'.#
#.####
......##......##.#
#.....
##.##.###....###.#
#..### .#.##.#
###### #.# #.##


You could see a jelly and a hobgoblin.

Vanquished Creatures
  Sigmund (D:2)
  A hound (D:4)
  Jessica (D:2)
  3 orc wizards
  5 gnolls
  3 adders
  2 worms
  2 dart slugs
  10 orcs
  7 bats
  6 endoplasms (D:4)
  6 giant cockroaches
  4 goblins
  6 hobgoblins
  7 jackals
  4 quokkas
  2 ball pythons
  5 kobolds
  7 rats
82 creatures vanquished.

Vanquished Creatures (others)
  An orc priest (D:3)
  A ball python (D:3)
  A giant cockroach (D:3)
  A goblin (D:3)
  A hobgoblin (D:3)
  A kobold (D:3)
6 creatures vanquished.

Grand Total: 88 creatures vanquished

Notes
Turn   | Place    | Note
-------+----------+-------------------------------------------
     0 | D:1      | SacredBeard the Hill Orc Fighter began the quest for the
                  | Orb.
     0 | D:1      | Reached XP level 1. HP: 19/19 MP: 1/1
   443 | D:1      | Reached XP level 2. HP: 15/27 MP: 2/2
  1166 | D:2      | Noticed Jessica
  1171 | D:2      | Killed Jessica
  1172 | D:2      | Reached XP level 3. HP: 34/34 MP: 3/3
  1248 | D:2      | Noticed Sigmund
  1267 | D:2      | Killed Sigmund
  1268 | D:2      | Reached skill level 5 in Fighting
  1268 | D:2      | Reached skill level 5 in Axes
  1268 | D:2      | Reached XP level 4. HP: 28/42 MP: 4/4
  1268 | D:2      | Reached XP level 5. HP: 32/48 MP: 5/5
  1652 | D:2      | Reached XP level 6. HP: 56/56 MP: 6/6
  2076 | D:3      | Became a worshipper of Beogh the Brigand
  2683 | D:4      | Identified the of Haokhlua
  2919 | D:4      | Reached skill level 1 in Invocations
  3139 | D:4      | Reached * piety under Beogh
  3188 | D:4      | Found a shimmering altar of Xom.
  3188 | D:4      | Found a broken altar of Ashenzari.
  3583 | D:4      | Reached XP level 7. HP: 60/63 MP: 8/8
  3643 | D:4      | Splashed by a jelly's acid

Illustrated notes

Levels and vault maps discovered:
D:1:      sevenhm_arrival_forest_fort_small_3, layout_loops_ring, serial_forest,
          infiniplex_forest_zigzag_1, infiniplex_forest_clump_diagonal,
          infiniplex_forest_corner_2, infiniplex_forest_split,
          infiniplex_forest_lined_1, infiniplex_forest_straight_2,
          infiniplex_forest_straight_1, infiniplex_forest_join
D:2:      layout_loops_cross, uniq_sigmund, uniq_jessica
D:3:      layout_loops_cross
D:4:      minmay_polygon_palace, layout_basic, grunt_temple_overflow_open,
          temple_hall, serial_curves, eino_curves_04, eino_curves_03,
          eino_curves_03, eino_curves_03

Skill      XL: |  1  2  3  4  5  6 |
---------------+-------------------+-----
Axes           | 3 5 6 |  6.8
Fighting       | 4 5 6 |  6.0
Armour         | 4 |  4.0
Shields        | 4 |  4.0
Invocations    | 2 |  2.1

Action                     |  1- 3 |  4- 6 |  7- 9 || total
---------------------------+-------+-------+-------++-------
  Melee: War axe           |    76 |    92 |       ||   168
         Hand axe          |       |   108 |    16 ||   124
 Invoke: Convert to Beogh  |       |     1 |       ||     1
   Stab: Distracted        |     1 |       |       ||     1
 Armour: Scale mail        |    27 |       |       ||    27
         Fire dragon scale |    23 |   184 |    14 ||   221
  Dodge: Dodged            |    25 |    80 |    11 ||   116
  Block: Buckler           |     9 |    31 |     1 ||    41

Table legend: (Time is in decaauts)
 A = Elapsed time spent in this place.
 B = Non-inter-level travel time spent in this place.
 C = Inter-level travel time spent in this place.
 D = Time resting spent in this place.
 E = Time spent auto-exploring this place.
 F = Levels seen in this place.
 G = Mean time per level.
                   A        B        C        D        E       F      G
               +--------+--------+--------+--------+--------+-----+--------+
         Total |   3696 |   3599 |     97 |      0 |   2968 |   4 |  924.0 |
       Dungeon |   3696 |   3599 |     97 |      0 |   2968 |   4 |  924.0 |
               +--------+--------+--------+--------+--------+-----+--------+

Top non-repeatable levels by time:
     D:1: 1118 daAuts
     D:4: 960 daAuts
     D:3: 874 daAuts
     D:2: 742 daAuts
